 Dungeon Crawl Stone Soup version 0.31-a0-846-gb3bcc0d938 (webtiles) character file.

Game seed: 16925751541315773276

2330 DocEon the Grappler (level 9, -3/132 HPs)
             Began as a Troll Berserker on Oct 3, 2023.
             Was an Elder of Trog.
             Shot with an arrow by a centaur (10 damage)
             ... on level 7 of the Dungeon.
             The game lasted 00:05:35 (5223 turns).

DocEon the Grappler (Troll Berserker)               Turns: 5223, Time: 00:05:36

Health: -3/132     AC:  6    Str: 27    XL:     9   Next: 19%
Magic:  8/8        EV: 11    Int:  5    God:    Trog [****..]
Gold:   293        SH:  0    Dex: 11    Spells: 8/8 levels left

rFire   . .          .
                       - Unarmed
rCold   . . .        (no shield)
rNeg    . . .        a - +0 animal skin
rPois   .            (helmet restricted)
rElec   .            i - +1 cloak
rCorr   +            (gloves unavailable)
SInv    .            (boots unavailable)
Will    ++...        (no amulet) Stlth
                     v - ring of flight
HPRegen 2.22/turn    r - ring of resist corrosion
MPRegen 0.11/turn

%: no passive effects
@: berserking, strong-willed, flying, regenerating, studying Dodging, very quick
A: large, unfitting armour, claws 3, regeneration 1, shaggy fur 1, tough skin 1
a: Renounce Religion, Berserk, Trog's Hand, Brothers in Arms


You were on level 7 of the Dungeon.
You worshipped Trog.
Trog was greatly pleased with you.
You visited 1 branch of the dungeon, and saw 7 of its levels.
You also visited: Sewer.

You collected 398 gold pieces.
You spent 105 gold pieces at shops.

Inventory:

Armour
 a - a +0 animal skin (worn)
 i - a +1 cloak (worn)
Jewellery
 f - a ring of ice
 r - a ring of resist corrosion (right claw)
 v - a ring of flight (left claw)
 x - a ring of positive energy
Wands
 n - a wand of flame (69)
 p - a wand of quicksilver (8)
 A - a wand of iceblast (5)
Scrolls
 g - 2 scrolls of revelation
 m - 2 scrolls of vulnerability
 q - 4 scrolls of identify
 s - 3 scrolls of blinking
 w - a scroll of teleportation
 y - a scroll of enchant weapon
Potions
 b - a potion of magic {unknown}
 c - 4 potions of curing
 d - 3 potions of enlightenment
 e - 5 potions of heal wounds
 h - 2 potions of attraction
 j - a potion of ambrosia {unknown}
 k - a potion of resistance {unknown}
 l - a potion of berserk rage {unknown}
 o - a potion of haste {unknown}
 t - a potion of cancellation {unknown}
 u - a potion of brilliance {unknown}
 z - a potion of lignification {unknown}


   Skills:
 + Level 5.0 Fighting
 + Level 5.2 Dodging
 * Level 10.3 Unarmed Combat


You had 8 spell levels left.
You didn't know any spells.
Your spell library was empty.

Dungeon Overview and Level Annotations

Branches:
Dungeon (7/15)             Temple (0/1) D:6           Sewer (visited)

Altars:
Elyvilon
Fedhas
Hepliaklqana
Ru
Sif Muna
Trog
Vehumet
Wu Jian

Shops:
D:4 *


Innate Abilities, Weirdness & Mutations

You are too large for most types of armour.
You have claws for hands.
Your natural rate of healing is unusually fast.
You are covered in fur. (AC +1)
You have tough skin. (AC +1)


Message History

The centaur shoots an arrow.
The arrow hits you.
The centaur shoots an arrow.
The arrow completely misses you.
The centaur shoots an arrow.
The arrow hits you.
The centaur shoots an arrow.
The arrow hits you!
The centaur shoots an arrow.
The arrow completely misses you.
The centaur shoots an arrow.
The arrow hits you but does no damage.
The centaur shoots an arrow.
The arrow barely misses you.
The centaur shoots an arrow.
The arrow hits you!
The centaur shoots an arrow.
The arrow hits you!
The centaur shoots an arrow.
The arrow hits you!
The centaur shoots an arrow.
The arrow hits you!
The centaur shouts!
The centaur shoots an arrow.
The arrow hits you!
The centaur unwields a +0 orcbow.
The centaur hits you.
The centaur kicks you but does no damage.
The centaur shoots an arrow.
The arrow hits you!
* * * LOW HITPOINT WARNING * * *
The centaur shoots an arrow.
The arrow misses you.
You hear a shout!
You claw the centaur!
The centaur is severely wounded.
The centaur shoots an arrow.
The arrow hits you.
* * * LOW HITPOINT WARNING * * *
The centaur shoots an arrow.
The arrow hits you!
* * * LOW HITPOINT WARNING * * *
Your skin crawls.
You feel strong-willed.
The centaur closely misses you. x2; The centaur unwields a +0 shortbow.
The centaur hits you but does no damage.
The centaur kicks you but does no damage.
The centaur shoots an arrow.
The arrow hits you!
* * * LOW HITPOINT WARNING * * *
The centaur shoots an arrow.
The arrow closely misses you.
A red film seems to cover your vision as you go berserk!
You feel yourself moving faster!
You feel mighty!
The centaur closely misses you. x2; The centaur shoots an arrow.
The arrow barely misses you. The centaur closely misses you. x2
The centaur shoots an arrow.
The arrow hits you.
* * * LOW HITPOINT WARNING * * *
The centaur barely misses you. The centaur closely misses you.
The centaur shoots an arrow.
The arrow hits you!
You die...

....≈≈≈≈≈≈≈≈..
.#..≈≈≈≈≈≈......≈≈≈≈≈≈≈≈≈≈≈.#
...#≈≈≈≈≈.... ...≈≈≈≈≈≈≈≈≈≈.#
...#≈≈≈≈≈...#'#..≈≈≈≈≈≈≈≈≈≈)# #
...#≈≈≈≈c...#
#.c≈≈≈≈≈≈≈≈≈#.###.# ##.#.≈≈≈cc.#
#c.≈≈≈≈≈≈≈≈≈#.... .....≈≈≈..#
#c≈≈≈≈≈≈≈≈≈..#.##.# ##.#.≈≈≈≈c##
#c≈≈≈≈≈≈≈#........#
#....≈≈≈≈.####c@≈≈≈≈≈....$..#
#####.≈≈≈≈≈≈..≈≈≈≈≈####.##......
#.#≈≈≈≈≈≈≈≈≈≈≈.# #.# .##.#
#####.....≈≈≈≈≈≈##.####.###....
#........[....####...........#.
#.###......### #.####.####.# #
##.###.#.#..#######.# #.# .#
.......#.#....).....# #.# #.#.#
##########..))).###.####.###..
..


You could see 5 centaurs.

Vanquished Creatures
  The ghost of Age the Protected, an amateur MiHu of Gozag (D:6)
  Edmund (D:6)
  A water moccasin (D:6)
  A sky beast (D:7)
  An ice beast (D:6)
  3 centaurs
  An ogre (D:5)
  A phantom (D:5)
  A bullfrog (D:6)
  3 kobold brigands
  A scorpion (D:4)
  A howler monkey (D:6)
  An electric eel (D:6)
  3 hounds
  3 jellies
  An orc priest (D:6)
  7 iguanas
  Jessica (D:2)
  2 sleepcaps (D:5)
  Natasha (thrice) (D:3)
  An orc wizard (D:6)
  Robin (D:2)
  4 gnolls (D:4)
  7 adders
  A worm (D:3)
  22 orcs
  9 endoplasms
  A giant cockroach (D:3)
  14 goblins (D:2)
  11 hobgoblins
  7 jackals
  3 quokkas
  3 ball pythons
  3 bats
  3 frilled lizards
  20 kobolds
  10 rats
157 creatures vanquished.

Vanquished Creatures (collateral kills)
  An orc warrior (D:7)
  3 orcs (D:7)
4 creatures vanquished.

Grand Total: 161 creatures vanquished

Notes
Turn   | Place    | Note
-------+----------+-------------------------------------------
     0 | D:1      | DocEon the Troll Berserker began the quest for the Orb.
     0 | D:1      | Reached XP level 1. HP: 22/22 MP: 0/0
   210 | D:1      | Reached XP level 2. HP: 29/29 MP: 1/1
   663 | D:2      | Reached skill level 4 in Unarmed Combat
   687 | D:2      | Reached XP level 3. HP: 34/36 MP: 2/2
   727 | D:2      | Reached ** piety under Trog
   790 | D:2      | Noticed Jessica
   797 | D:2      | Killed Jessica
   843 | D:2      | Reached XP level 4. HP: 42/44 MP: 3/3
   886 | D:2      | Reached skill level 5 in Unarmed Combat
   971 | D:2      | Noticed Robin
   982 | D:2      | Killed Robin
  1284 | D:2      | Found a sacrificial altar of Ru.
  1473 | D:3      | Reached XP level 5. HP: 48/50 MP: 4/4
  1562 | D:3      | Found a glowing drain.
  1574 | D:3      | Reached skill level 6 in Unarmed Combat
  1650 | Sewer    | Entered a sewer
  1709 | Sewer    | Reached *** piety under Trog
  1710 | Sewer    | Reached skill level 7 in Unarmed Combat
  1710 | Sewer    | Reached XP level 6. HP: 34/59 MP: 5/5
  1743 | Sewer    | Found a white marble altar of Elyvilon.
  1951 | D:3      | Noticed Natasha
  1954 | D:3      | Killed Natasha
  1978 | D:3      | Noticed Natasha
  1986 | D:3      | Killed Natasha
  2037 | D:3      | Noticed Natasha
  2049 | D:3      | Killed Natasha
  2445 | D:4      | Found Gutapor's General Store.
  2450 | D:4      | Bought a scroll of blinking for 105 gold pieces
  2730 | D:4      | Reached XP level 7. HP: 64/66 MP: 6/6
  3234 | D:5      | Entered Level 5 of the Dungeon
  3270 | D:5      | Reached skill level 8 in Unarmed Combat
  3950 | D:6      | Found a shimmering blue altar of Sif Muna.
  4061 | D:6      | Noticed Edmund
  4073 | D:6      | Reached XP level 8. HP: 33/78 MP: 7/7
  4077 | D:6      | Killed Edmund
  4114 | D:6      | Found a bloodstained altar of Trog.
  4118 | D:6      | Found a hazy altar of Hepliaklqana.
  4160 | D:6      | Reached skill level 9 in Unarmed Combat
  4164 | D:6      | Found a white marble altar of Elyvilon.
  4206 | D:6      | Found a runed translucent gate.
  4206 | D:6      | Found a runed translucent gate.
  4206 | D:6      | Found a runed translucent gate.
  4206 | D:6      | Noticed Age's ghost (amateur MiHu)
  4250 | D:6      | Reached **** piety under Trog
  4386 | D:6      | Found a staircase to the Ecumenical Temple.
  4542 | D:6      | Killed Age's ghost
  4628 | D:6      | Identified a scroll of acquirement
  4628 | D:6      | Acquired a manual of Dodging
  4639 | D:7      | Found an ornate altar of the Wu Jian Council.
  4648 | D:7      | Reached skill level 10 in Unarmed Combat
  4648 | D:7      | Reached XP level 9. HP: 77/87 MP: 8/8
  4763 | D:7      | Reached skill level 5 in Dodging
  4781 | D:7      | Found a radiant altar of Vehumet.
  4870 | D:7      | Found a blossoming altar of Fedhas.
  4903 | D:7      | Reached skill level 5 in Fighting
  5222 | D:7      | HP: 4/88 [centaur/arrow (10)]
  5223 | D:7      | Shot with an arrow by a centaur

Illustrated notes

Levels and vault maps discovered:
D:1:      shiori_shiawase, layout_loops_ring, minivault_19,
          serial_park_tiny_pond
D:2:      layout_loops_ring, basic_altar, uniq_jessica, uniq_robin
D:3:      layout_basic, cheibrodos_sewer_entry_bend, uniq_natasha
D:4:      layout_layer_cave, serial_shops, nicolae_shop_rolling_square
D:5:      layout_loops_cross, chequers_serial_rivers_micro_e
D:6:      layout_cave_pools, lemuel_tele_altar,
          mainiacjoe_overflow_catch_the_wave, elyvilon_altar_5,
          minmay_temple_entry_tees, ebering_ghost_rock_garden, uniq_edmund
D:7:      layout_loops_ring, fedhas_altar_decomposition,
          mainiacjoe_overflow_concentric_impassable, vehumet_altar_wand_db,
          centaur_isle

Skill      XL: |  1  2  3  4  5  6  7  8  9 |
---------------+----------------------------+-----
Unarmed Combat | 4 5 7 8 10 | 10.3
Fighting       | 3 4 5 |  5.0
Dodging        | 3 4 5 |  5.2

Action                     |  1- 3 |  4- 6 |  7- 9 || total
---------------------------+-------+-------+-------++-------
  Melee: Unarmed           |    81 |   184 |   149 ||   414
         Punch             |     1 |     4 |     5 ||    10
 Invoke: Berserk           |       |     1 |     3 ||     4
         Trog's Hand       |       |     1 |     4 ||     5
         Brothers in Arms  |       |       |     1 ||     1
    Use: Scroll            |       |     9 |     5 ||    14
   Stab: Sleeping          |     1 |     1 |       ||     2
 Armour: Animal skin       |    39 |   152 |   176 ||   367
  Dodge: Dodged            |    57 |    91 |   108 ||   256

Table legend: (Time is in decaauts)
 A = Elapsed time spent in this place.
 B = Non-inter-level travel time spent in this place.
 C = Inter-level travel time spent in this place.
 D = Time resting spent in this place.
 E = Time spent auto-exploring this place.
 F = Levels seen in this place.
 G = Mean time per level.
                   A        B        C        D        E       F      G
               +--------+--------+--------+--------+--------+-----+--------+
         Total |   5195 |   4898 |    297 |    384 |   3467 |   8 |  649.4 |
       Dungeon |   4993 |   4696 |    297 |    380 |   3314 |   7 |  713.3 |
         Sewer |    202 |    202 |      0 |      4 |    153 |   1 |  202.0 |
               +--------+--------+--------+--------+--------+-----+--------+

Top non-repeatable levels by time:
     D:4: 1021 daAuts
     D:2: 749 daAuts
     D:5: 698 daAuts
     D:6: 694 daAuts
     D:1: 631 daAuts
     D:3: 614 daAuts
     D:7: 583 daAuts
   Sewer: 202 daAuts
